 Dungeon Crawl Stone Soup version 0.20.1-1-g8b1a95d (webtiles) character file.

81 pstr the Stinger (level 4, 0/36 HPs)
             Began as a Naga Venom Mage on Dec 6, 2017.
             Slain by an orc
             ... wielding a +0 short sword
              (3 damage)
             ... on level 1 of the Dungeon.
             The game lasted 00:03:13 (1025 turns).

pstr the Stinger (Naga Venom Mage)                  Turns: 1025, Time: 00:03:13

Health: 0/36       AC:  2    Str: 11    XL:     4   Next: 42%
Magic:  1/8        EV: 10    Int: 16    God:
Gold:   59         SH:  0    Dex: 11    Spells: 7/8 levels left

rFire    . . .     SeeInvis +   k - +0 dagger (elec)
rCold    . . .     Gourm    .   (no shield)
rNeg     . . .     Faith    .   a - +0 robe
rPois    +         Spirit   .   (no helmet)
rElec    .         Reflect  .   (no cloak)
rCorr    .         Harm     .   (no gloves)
MR       .....                  (no barding)
Stlth    ++........             (no amulet)
Regen    0.2/turn               (no ring)
MPRegen  0.2/turn               (no ring)

@: about to teleport, short of breath, very slightly contaminated, very slow
A: see invisible, deformed body, poison resistance, slowness 2, slow metabolism
1, spit poison 1, AC +1
a: Spit Poison


You were on level 1 of the Dungeon.
You were hungry.

You visited 1 branch of the dungeon, and saw 1 of its levels.

You collected 59 gold pieces.

Inventory:

Hand Weapons
 k - a +0 dagger of electrocution (weapon)
Missiles
 j - 15 stones (quivered)
Armour
 a - a +0 robe (worn)
 e - a +0 helmet
Scrolls
 d - 4 scrolls of teleportation {unknown}
 g - 2 scrolls of identify {unknown}
 h - a scroll of remove curse {unknown}
Potions
 f - a potion of agility {unknown}
 i - 2 potions of curing {unknown}
 m - a potion of lignification {unknown}
Books
 b - a Young Poisoner's Handbook

   Spells                             Type                      Level
   a - Sting                          Conjuration/Poison           1
   b - Poisonous Vapours              Poison/Air                   2
   c - Mephitic Cloud                 Conjuration/Poison/Air       3
   d - Olgreb's Toxic Radiance        Poison                       4
   e - Venom Bolt                     Conjuration/Poison           5
Comestibles
 c - a bread ration
 n - a meat ration


   Skills:
 + Level 0.2 Fighting
 + Level 1.9 Dodging
 + Level 3.3 Stealth
 + Level 2.9 Spellcasting
 + Level 1.7 Conjurations
 + Level 5.0 Poison Magic


You had 7 spell levels left.
You knew the following spells:

 Your Spells              Type           Power        Failure   Level  Hunger
a - Sting                 Conj/Pois      ##..         4%          1    #......


Dungeon Overview and Level Annotations

Branches:
Dungeon (1/15)

Altars:


Innate Abilities, Weirdness & Mutations

You cannot wear boots.
Your serpentine skin is tough. (AC +1)
You have supernaturally acute eyesight. (SInv)
Armour fits poorly on your strangely shaped body.
Your system is resistant to poisons. (rPois)
You cover ground very slowly.
You have a slow metabolism.
You can spit poison.


Message History

You blink.
The orc wizard casts a spell at you. The magic dart hits you!
* * * LOW HITPOINT WARNING * * *
The orc wizard hits you with a dagger of distortion.
* * * LOW HITPOINT WARNING * * *
You feel strangely unstable. The orc barely misses you.
You hit the orc wizard.
Lightning courses through the orc wizard!
You kill the orc wizard!
Your Poison Magic skill increases to level 5!
You have reached level 4!
You feel stronger. The orc hits you with a short sword.
* * * LOW HITPOINT WARNING * * *
Press: ? - help, Shift-Dir - straight line, f - orc
Aim: an orc, wielding a short sword and wearing a scale mail The splash of poison hits the orc.
The orc appears unharmed.
You feel slightly more hungry. The orc hits you with a short sword.
You die...

#.# #.##.# #.# #.##.#
#.# ########..... #.#
#....).....># #.#
#.#########..
#########.# #.# ###
#.........###.#
#.######..)##.#######
#.#####)@o...........
#.#.....)..##.######.
#.#.#####.###...o.#
#.#.#####.# #####.#
#.#.......# #o#
#....####.# #..
#.........# #.K
##...#.#### .##
##.##.# .


You could see an orc.

Vanquished Creatures
  2 orc wizards (D:1)
  2 dart slugs (D:1)
  A leopard gecko (D:1)
  An orc (D:1)
  2 giant cockroaches (D:1)
  3 goblins (D:1)
  4 hobgoblins (D:1)
  3 bats (D:1)
  A frilled lizard (D:1)
  3 kobolds (D:1)
  2 rats (D:1)
24 creatures vanquished.

Notes
Turn   | Place    | Note
-------+----------+-------------------------------------------
     0 | D:1      | pstr the Naga Venom Mage began the quest for the Orb.
     0 | D:1      | Reached XP level 1. HP: 15/15 MP: 3/3
   181 | D:1      | Reached XP level 2. HP: 22/22 MP: 1/5
   787 | D:1      | Reached XP level 3. HP: 24/28 MP: 0/6
  1024 | D:1      | Reached skill level 5 in Poison Magic
  1024 | D:1      | Reached XP level 4. HP: 4/36 MP: 0/8
  1025 | D:1      | Slain by an orc

Skill      XL: |  1  2  3 |
---------------+----------+-----
Poison Magic   | 5 |  5.0
Fighting       | |  0.2
Dodging        | |  1.9
Stealth        | |  3.3
Spellcasting   | |  2.9
Conjurations   | |  1.7

Action                   |  1- 3 |  4- 6 || total
-------------------------+-------+-------++-------
Melee: Dagger            |     7 |       ||     7
 Cast: Sting             |    46 |       ||    46
 Abil: Spit Poison       |     4 |     1 ||     5
Armor: Robe              |     3 |       ||     3
Dodge: Dodged            |    20 |       ||    20
